[ AOE2 MATCH · #508533677 ]
UnrankedVikings vs Khmer
Player's team · LOSS
Rival team · WIN
[ REPLAY ANALYSIS · EXTRACTED FROM THE RECORDED GAME ]
Feudal
10:05
Castle
20:38
Imperial
—
| APM avg | 32.8 |
| APM peak | 80 |
| eAPM avg | 21.7 |
| Villagers / military | 99 / 67 |
Focus
⚔️ 38.8% · 🌾 61.2%
Skirmisher ×41 · Archer ×14 · Monk ×5 · Spearman ×5 · Unknown (2703) ×4 · Scorpion ×2
Feudal
10:30
Castle
13:15
Imperial
—
| APM avg | 33.7 |
| APM peak | 111 |
| eAPM avg | 11.2 |
| Villagers / military | 52 / 36 |
Focus
⚔️ 23.0% · 🌾 77.0%
Ballista Elephant ×31 · Monk ×2 · Battle Elephant ×2 · Knight ×1
Match map
Initial resources + every placement click. Lines = walls · curves = elevation contours. ◆ gold · ⬟ stone · ● berries · ✦ relic · ◌ wall gap
Your base· Open — unwalled flank
Cisco Beats's base· Open — unwalled flank
Smoothed initial terrain · ◌ = detected wall gap · hover for details
Inputs per minute
— pabloic16 - - Cisco Beats
Build order — pabloic16
First 150 of 269 actions detected
| 0:00 | Queue | Villager (Male) |
| 0:02 | Build | House |
| 0:02 | Build | House |
| 0:03 | Queue | Villager (Male) |
| 0:03 | Queue | Villager (Male) |
| 0:03 | Queue | Villager (Male) |
| 1:32 | Queue | Villager (Male) |
| 1:44 | Queue | Villager (Male) |
| 1:44 | Queue | Villager (Male) |
| 1:46 | Build | Lumber Camp |
| 2:16 | Queue | Villager (Male) |
| 2:17 | Queue | Villager (Male) |
| 2:37 | Queue | Villager (Male) |
| 2:37 | Queue | Villager (Male) |
| 2:59 | Queue | Villager (Male) |
| 3:30 | Queue | Villager (Male) |
| 3:30 | Queue | Villager (Male) |
| 3:50 | Build | House |
| 4:01 | Queue | Villager (Male) |
| 4:13 | Build | Mill |
| 4:21 | Queue | Villager (Male) |
| 4:39 | Queue | Villager (Male) |
| 4:39 | Queue | Villager (Male) |
| 5:01 | Queue | Villager (Male) |
| 5:01 | Queue | Villager (Male) |
| 5:20 | Queue | Villager (Male) |
| 5:43 | Queue | Villager (Male) |
| 5:53 | Build | House |
| 5:58 | Queue | Villager (Male) |
| 6:37 | Queue | Villager (Male) |
| 6:37 | Research | Loom |
| 7:43 | Research | Feudal Age |
| 7:56 | Build | Mining Camp |
| 8:16 | Build | Lumber Camp |
| 8:35 | Build | Barracks |
| 8:38 | Queue | Villager (Male) |
| 8:39 | Queue | Villager (Male) |
| 9:13 | Queue | Villager (Male) |
| 9:33 | Build | House |
| 9:57 | Build | Farm |
| 9:59 | Build | Farm |
| 10:05 | Age | Feudal Age |
| 10:08 | Build | Archery Range |
| 10:16 | Research | Double-Bit Axe |
| 10:20 | Research | Town Watch |
| 10:48 | Build | House |
| 10:50 | Build | House |
| 10:54 | Queue | Villager (Male) |
| 10:56 | Build | Farm |
| 10:59 | Queue | Villager (Male) |
| 11:00 | Queue | Archer |
| 11:00 | Queue | Archer |
| 11:22 | Queue | Spearman |
| 11:24 | Build | Farm |
| 11:27 | Build | Farm |
| 11:38 | Queue | Villager (Male) |
| 11:42 | Queue | Archer |
| 11:42 | Queue | Archer |
| 12:07 | Build | Farm |
| 12:09 | Queue | Villager (Male) |
| 12:11 | Queue | Archer |
| 12:12 | Queue | Archer |
| 12:36 | Build | Blacksmith |
| 12:40 | Queue | Villager (Male) |
| 12:46 | Queue | Archer |
| 13:06 | Queue | Spearman |
| 13:11 | Build | House |
| 13:19 | Build | Farm |
| 13:25 | Build | Palisade Wall |
| 13:37 | Queue | Villager (Male) |
| 13:40 | Build | Farm |
| 13:51 | Build | Farm |
| 13:55 | Build | Farm |
| 14:00 | Build | Farm |
| 14:10 | Research | Fletching |
| 14:18 | Build | Farm |
| 14:23 | Build | House |
| 14:26 | Build | Palisade Wall |
| 14:36 | Queue | Archer |
| 14:38 | Queue | Villager (Male) |
| 14:38 | Queue | Villager (Male) |
| 14:39 | Queue | Villager (Male) |
| 14:51 | Queue | Villager (Male) |
| 15:07 | Build | House |
| 15:08 | Build | Palisade Wall |
| 15:14 | Queue | Villager (Male) |
| 15:48 | Build | Farm |
| 15:50 | Queue | Spearman |
| 15:51 | Queue | Spearman |
| 16:09 | Build | Farm |
| 16:19 | Build | Palisade Wall |
| 16:22 | Queue | Villager (Male) |
| 16:26 | Build | Farm |
| 16:30 | Research | Horse Collar |
| 16:36 | Build | Farm |
| 16:41 | Queue | Villager (Male) |
| 16:52 | Build | Farm |
| 16:54 | Queue | Villager (Male) |
| 17:17 | Build | Farm |
| 17:37 | Build | Farm |
| 17:38 | Build | Farm |
| 17:54 | Research | Castle Age |
| 18:17 | Research | Gold Mining |
| 18:25 | Research | Scale Mail Armor |
| 18:39 | Build | Barracks |
| 18:45 | Queue | Villager (Male) |
| 18:45 | Queue | Villager (Male) |
| 19:05 | Research | Padded Archer Armor |
| 19:30 | Build | Archery Range |
| 20:14 | Queue | Villager (Male) |
| 20:26 | Queue | Spearman |
| 20:33 | Build | Palisade Wall |
| 20:38 | Age | Castle Age |
| 20:38 | Build | Palisade Wall |
| 20:43 | Research | Squires |
| 20:43 | Queue | Unit 2703 |
| 20:44 | Queue | Unit 2703 |
| 20:46 | Research | Bow Saw |
| 20:51 | Research | Chain Mail Armor |
| 21:02 | Build | Palisade Gate |
| 21:08 | Queue | Villager (Male) |
| 21:20 | Build | Town Center |
| 21:28 | Research | Crossbowman (upgrade) |
| 21:30 | Queue | Skirmisher |
| 21:37 | Queue | Villager (Male) |
| 21:37 | Queue | Villager (Male) |
| 21:38 | Queue | Villager (Male) |
| 21:38 | Queue | Villager (Male) |
| 21:51 | Build | House |
| 21:52 | Build | House |
| 21:53 | Build | House |
| 21:58 | Queue | Villager (Male) |
| 21:59 | Queue | Villager (Male) |
| 22:02 | Build | Farm |
| 22:17 | Queue | Villager (Male) |
| 22:20 | Queue | Unit 2703 |
| 22:21 | Queue | Unit 2703 |
| 22:25 | Queue | Archer |
| 22:26 | Queue | Archer |
| 22:27 | Queue | Villager (Male) |
| 22:27 | Queue | Villager (Male) |
| 22:35 | Build | House |
| 22:36 | Build | House |
| 22:36 | Build | House |
| 22:55 | Research | Pikeman (upgrade) |
| 22:58 | Queue | Archer |
| 22:58 | Queue | Archer |
| 22:58 | Queue | Archer |
| 22:59 | Queue | Archer |
| 23:03 | Build | Farm |
Build order — Cisco Beats
First 150 of 154 actions detected
| 0:00 | Queue | Villager (Male) |
| 0:00 | Queue | Villager (Male) |
| 0:01 | Queue | Villager (Male) |
| 0:01 | Queue | Villager (Male) |
| 0:02 | Build | House |
| 0:03 | Build | House |
| 1:24 | Queue | Villager (Male) |
| 1:43 | Queue | Villager (Male) |
| 2:08 | Queue | Villager (Male) |
| 2:34 | Queue | Villager (Male) |
| 3:01 | Queue | Villager (Male) |
| 3:24 | Build | House |
| 3:25 | Build | Mill |
| 3:39 | Queue | Villager (Male) |
| 4:03 | Queue | Villager (Male) |
| 4:20 | Queue | Villager (Male) |
| 4:44 | Queue | Villager (Male) |
| 4:45 | Queue | Villager (Male) |
| 5:27 | Build | House |
| 5:29 | Build | Mill |
| 5:44 | Queue | Villager (Male) |
| 5:45 | Queue | Villager (Male) |
| 5:57 | Queue | Villager (Male) |
| 6:22 | Queue | Villager (Male) |
| 6:24 | Queue | Villager (Male) |
| 7:16 | Research | Loom |
| 7:29 | Build | Mining Camp |
| 7:39 | Research | Feudal Age |
| 9:38 | Build | Lumber Camp |
| 10:30 | Age | Feudal Age |
| 10:35 | Research | Castle Age |
| 11:12 | Research | Double-Bit Axe |
| 11:18 | Build | House |
| 12:08 | Research | Horse Collar |
| 12:19 | Research | Horse Collar |
| 12:54 | Build | Stable |
| 13:15 | Age | Castle Age |
| 13:20 | Queue | Villager (Male) |
| 13:21 | Queue | Villager (Male) |
| 13:27 | Build | Town Center |
| 14:00 | Queue | Knight |
| 14:26 | Queue | Villager (Male) |
| 14:31 | Build | Farm |
| 14:44 | Build | Farm |
| 14:52 | Build | Farm |
| 15:22 | Build | Farm |
| 15:53 | Queue | Villager (Male) |
| 15:59 | Build | Farm |
| 15:59 | Build | Farm |
| 16:19 | Queue | Villager (Male) |
| 16:24 | Build | Farm |
| 16:26 | Build | Farm |
| 16:33 | Build | Farm |
| 16:46 | Queue | Villager (Male) |
| 16:53 | Build | Farm |
| 17:06 | Queue | Villager (Male) |
| 17:57 | Queue | Battle Elephant |
| 18:06 | Build | Farm |
| 18:11 | Queue | Villager (Male) |
| 18:20 | Build | Farm |
| 18:25 | Queue | Villager (Male) |
| 18:34 | Queue | Villager (Male) |
| 18:46 | Build | House |
| 19:01 | Build | Castle |
| 19:07 | Queue | Villager (Male) |
| 19:07 | Queue | Villager (Male) |
| 19:13 | Build | Outpost |
| 19:16 | Queue | Villager (Male) |
| 19:29 | Queue | Villager (Male) |
| 19:46 | Build | Outpost |
| 19:47 | Queue | Villager (Male) |
| 19:47 | Queue | Villager (Male) |
| 19:57 | Build | Farm |
| 20:00 | Queue | Villager (Male) |
| 20:03 | Build | House |
| 20:09 | Build | Blacksmith |
| 20:28 | Research | Bloodlines |
| 20:32 | Build | Farm |
| 20:40 | Build | Farm |
| 20:59 | Research | Husbandry |
| 21:16 | Build | Mining Camp |
| 21:20 | Queue | Ballista Elephant |
| 21:37 | Build | Market |
| 21:50 | Research | Wheelbarrow |
| 22:04 | Build | Farm |
| 22:09 | Queue | Ballista Elephant |
| 22:17 | Build | Outpost |
| 22:29 | Queue | Ballista Elephant |
| 22:40 | Research | Town Watch |
| 22:49 | Research | Scale Barding Armor |
| 22:59 | Queue | Ballista Elephant |
| 23:09 | Queue | Villager (Male) |
| 23:09 | Queue | Villager (Male) |
| 23:20 | Build | University |
| 23:23 | Queue | Ballista Elephant |
| 23:30 | Build | Farm |
| 23:44 | Research | Heavy Plow |
| 23:48 | Queue | Ballista Elephant |
| 24:05 | Build | Farm |
| 24:10 | Queue | Ballista Elephant |
| 24:20 | Queue | Ballista Elephant |
| 24:42 | Build | Farm |
| 24:59 | Queue | Ballista Elephant |
| 24:59 | Queue | Ballista Elephant |
| 25:19 | Queue | Ballista Elephant |
| 25:20 | Queue | Ballista Elephant |
| 25:48 | Build | Monastery |
| 26:12 | Research | Ballistics |
| 26:21 | Queue | Villager (Male) |
| 26:21 | Queue | Villager (Male) |
| 26:22 | Queue | Villager (Male) |
| 26:30 | Queue | Ballista Elephant |
| 26:53 | Queue | Ballista Elephant |
| 26:55 | Queue | Villager (Male) |
| 26:55 | Queue | Villager (Male) |
| 26:56 | Queue | Villager (Male) |
| 27:12 | Research | Chain Barding Armor |
| 27:30 | Queue | Ballista Elephant |
| 27:37 | Queue | Battle Elephant |
| 28:03 | Queue | Ballista Elephant |
| 28:04 | Queue | Ballista Elephant |
| 28:12 | Queue | Ballista Elephant |
| 28:22 | Build | Farm |
| 28:34 | Queue | Monk |
| 28:47 | Queue | Ballista Elephant |
| 28:58 | Build | House |
| 28:59 | Build | House |
| 29:23 | Research | Devotion |
| 30:01 | Queue | Monk |
| 30:06 | Queue | Ballista Elephant |
| 30:17 | Queue | Ballista Elephant |
| 30:20 | Queue | Villager (Male) |
| 30:20 | Queue | Villager (Male) |
| 30:20 | Queue | Villager (Male) |
| 30:20 | Queue | Villager (Male) |
| 30:27 | Build | Mining Camp |
| 30:29 | Queue | Villager (Male) |
| 30:29 | Queue | Villager (Male) |
| 30:29 | Queue | Villager (Male) |
| 30:29 | Queue | Villager (Male) |
| 30:37 | Queue | Ballista Elephant |
| 31:08 | Queue | Ballista Elephant |
| 31:08 | Queue | Ballista Elephant |
| 31:32 | Queue | Ballista Elephant |
| 31:40 | Build | House |
| 31:41 | Build | House |
| 31:41 | Build | House |
| 31:41 | Build | House |
| 32:17 | Queue | Ballista Elephant |
| 32:17 | Queue | Ballista Elephant |
Match timeline
| 8:35 | pabloic16 · first_building Barracks |
| 10:05 | pabloic16 · age_up feudal |
| 10:08 | pabloic16 · first_building Archery Range |
| 10:30 | Cisco Beats · age_up feudal |
| 12:54 | Cisco Beats · first_building Stable |
| 13:15 | Cisco Beats · age_up castle |
| 13:25 | pabloic16 · wall_segment Palisade Wall x5 |
| 14:26 | pabloic16 · wall_segment Palisade Wall x10 |
| 15:08 | pabloic16 · wall_segment Palisade Wall x3 |
| 16:19 | pabloic16 · wall_segment Palisade Wall x7 |
| 19:01 | Cisco Beats · first_building Castle |
| 20:33 | pabloic16 · wall_segment Palisade Wall x7 |
| 20:38 | pabloic16 · age_up castle |
| 20:38 | pabloic16 · wall_segment Palisade Wall x1 |
| 22:45 | Cisco Beats · first_market_buy 100 food |
| 25:48 | Cisco Beats · first_building Monastery |
| 27:06 | pabloic16 · first_building Monastery |
| 27:10 | Cisco Beats · first_market_sell 100 wood |
| 28:30 | pabloic16 · first_building Siege Workshop |
| 30:37 | pabloic16 · first_building Castle |
| 34:57 | pabloic16 · resign |
[ AI ANALYSIS · 1 CREDIT ]
What really happened in this match?
Wolo.gg analyzes every decision: build order, eco, micro, common mistakes by bracket. Personalized analysis on WhatsApp or Discord in 30 seconds.
Civ guide
Vikings
Perfil
Jugador #2181986